 Dungeon Crawl Stone Soup version 0.24.0-41-g2ae2f7f1be (webtiles) character file.

Game seed: 2046913918553703542, levelgen mode: deterministic

271 Iamsoldier the Skirmisher (level 6, -2/40 HPs)
             Began as a Gargoyle Fighter on Dec 9, 2019.
             Slain by Sigmund
             ... wielding a +0 scythe of flaming
              (6 damage)
             ... on level 3 of the Dungeon.
             The game lasted 00:03:50 (2470 turns).

Iamsoldier the Skirmisher (Gargoyle Fighter)        Turns: 2470, Time: 00:03:50

Health: -2/40      AC: 13    Str: 19    XL:     6   Next: 23%
Magic:  6/6        EV:  7    Int:  9    God:
Gold:   98         SH:  9    Dex: 14    Spells: 5/5 levels left

rFire    . . .     SeeInvis .   d - +1 flail (crush)
rCold    . . .     Gourm    .   c - +0 shield
rNeg     + . .     Faith    .   b - +0 scale mail
rPois    ∞         Spirit   .   (no helmet)
rElec    +         Reflect  .   v - +0 cloak
rCorr    .         Harm     .   o - +0 pair of gloves
MR       .....                  (no boots)
Stlth    ..........             (no amulet)
HPRegen  0.13/turn              k - +3 ring of dexterity
MPRegen  0.10/turn              (no ring)

@: no status effects
A: negative energy resistance 1, electricity resistance, unbreathing,
petrification resistance, rot immunity, AC +4
a: no special abilities


You were on level 3 of the Dungeon.
You were hungry.

You visited 1 branch of the dungeon, and saw 3 of its levels.

You collected 98 gold pieces.

Inventory:

Hand Weapons
 a - a +0 flail
 d - a +1 flail of crushing (weapon)
Armour
 b - a +0 scale mail (worn)
 c - a +0 shield (worn)
 o - a +0 pair of gloves (worn)
 v - a +0 cloak (worn)
Jewellery
 k - a +3 ring of dexterity (left hand)
 n - an uncursed ring of protection from fire {unknown}
Scrolls
 e - a scroll of enchant armour {unknown}
 i - 2 scrolls of amnesia {unknown}
 j - 2 scrolls of remove curse {unknown}
 m - 2 scrolls of teleportation {unknown}
 p - 2 scrolls of noise {unknown}
 r - 2 scrolls of identify {unknown}
 s - 2 scrolls of fear {unknown}
 t - a scroll of immolation {unknown}
 w - a scroll of enchant weapon {unknown}
Potions
 h - a potion of heal wounds {unknown}
 l - 2 potions of curing {unknown}
 q - 2 potions of mutation {unknown}
 u - a potion of degeneration {unknown}
Comestibles
 f - 2 rations
 g - a chunk of flesh


   Skills:
 * Level 5.0 Fighting
 * Level 3.9 Maces & Flails
 + Level 4.2 Armour
 + Level 4.2 Shields


You had 5 spell levels left.
You didn't know any spells.
Your spell library was empty.

Dungeon Overview and Level Annotations

Branches:
Dungeon (3/15)

Altars:

Annotations:
D:3 Sigmund


Innate Abilities, Weirdness & Mutations

You are resistant to torment.
Your stone body is resilient. (AC +4)
You are immune to poison.
You resist negative energy. (rN+)
You are resistant to electric shocks. (rElec)
You can survive without breathing.
You are immune to petrification.
You are immune to rotting.


Message History

You hit something. Something hits you. Something burns you.
You sock something! You hit something but do no damage. Something hits you!
* * * LOW HITPOINT WARNING * * *
Something burns you.
* * * LOW HITPOINT WARNING * * *
Okay, then.
You aren't carrying any items that you can evoke.
Unknown command.
You miss something. Something hits you but does no damage.
You miss something. Something hits you but does no damage.
You closely miss something. Something hits you.
* * * LOW HITPOINT WARNING * * *
Something burns you.
* * * LOW HITPOINT WARNING * * *
You miss something.
You hear some strange, mumbled words.
Something tries to affect you, but you resist.
You sock something! Something hits you.
You die...

#)##### #.# ##.# ##
#.{# ...# ##.## ######
.....###..# ####....##
#.>..(.## #....P...#
####....#####......PP##
#.#).)[.##@.......P##
#...###..{...P..P.P.#
##..# ####......≈≈..♣#
##.. #.....≈≈≈≈..# #..
#...P≈♣≈≈≈≈.# ....
###..P.≈≈♣≈♣# ....
#...≈♣≈≈≈P# ..
#.♣..≈≈≈≈.# #.#P.♣♣≈..#


There were no monsters in sight!

Vanquished Creatures
  A hound (D:2)
  An orc wizard (D:3)
  Natasha (twice) (D:3)
  6 adders
  3 gnolls (D:2)
  5 worms (D:2)
  2 dart slugs
  A leopard gecko (D:1)
  6 orcs (D:3)
  2 ball pythons
  5 bats
  4 giant cockroaches
  5 goblins
  6 hobgoblins
  12 jackals
  2 quokkas (D:2)
  6 frilled lizards
  6 kobolds
  2 rats (D:1)
77 creatures vanquished.

Notes
Turn   | Place    | Note
-------+----------+-------------------------------------------
     0 | D:1      | Iamsoldier the Gargoyle Fighter began the quest for the
                  | Orb.
     0 | D:1      | Reached XP level 1. HP: 14/14 MP: 1/1
   121 | D:1      | Reached XP level 2. HP: 15/19 MP: 2/2
   474 | D:1      | Reached XP level 3. HP: 24/24 MP: 3/3
  1177 | D:2      | Reached skill level 4 in Fighting
  1193 | D:2      | Reached XP level 4. HP: 29/29 MP: 4/4
  1429 | D:2      | Reached XP level 5. HP: 8/34 MP: 5/5
  2192 | D:3      | Noticed Natasha
  2207 | D:3      | Killed Natasha
  2212 | D:3      | Noticed Natasha
  2228 | D:3      | Killed Natasha
  2388 | D:3      | Reached XP level 6. HP: 40/40 MP: 6/6
  2397 | D:3      | Noticed Sigmund
  2435 | D:3      | Reached skill level 5 in Fighting
  2470 | D:3      | Slain by Sigmund

Levels and vault maps discovered:
D:1:      scummos_arrival_star, layout_basic, minmay_pentomino_r2
D:2:      layout_basic, corexii_shack, minmay_between
D:3:      layout_rooms, serial_bayou, serial_bayou_pond_c, serial_bayou_pond_a,
          serial_bayou_pond_c, serial_bayou_shore_a, item_on_display_a,
          uniq_natasha, uniq_grinder, uniq_sigmund

Skill      XL: |  1  2  3  4  5  6 |
---------------+-------------------+-----
Fighting       | 4 5 |  5.0
Maces & Flails | 3 |  3.9
Shields        | 4 |  4.2
Armour         | 4 |  4.2

Action                   |  1- 3 |  4- 6 || total
-------------------------+-------+-------++-------
Melee: Flail             |   183 |   132 ||   315
  Use: Potion            |       |     1 ||     1
  Eat: Chunk             |     1 |     4 ||     5
Armor: Scale mail        |   132 |    57 ||   189
Dodge: Dodged            |    78 |    36 ||   114
Block: Shield            |   108 |    59 ||   167
